 Dungeon Crawl Stone Soup version 0.29.1-2-gbd0b4ee654 (webtiles) character file.

Game seed: 1041124514061164108

4097 mortz the Cutter (level 10, -7/72 HPs)
             Began as a Djinni Monk on Nov 5, 2022.
             Was an Initiate of Gozag.
             Mangled by an orc warrior
             ... wielding a +0 war axe
              (16 damage)
             ... in a bailey.
             The game lasted 00:40:10 (8512 turns).

mortz the Cutter (Djinni Monk)                      Turns: 8512, Time: 00:40:11

Health: -7/72      AC:  5    Str: 10    XL:     10   Next: 50%
Gold:   1758       EV: 14    Int: 15    God:    Gozag SH:  0 Dex: 20

rFire   + + .      SeeInvis +   a - +9 dagger of Popular Demand {speed, rElec Will- Int+3 SInv}
rCold   x . .      Faith    .   (no shield)
rNeg    . . .      Spirit   .   y - +0 leather armour
rPois   ∞          Reflect  .   (no helmet)
rElec   +          Harm     .   o - scarf {+Inv}
rCorr   .          Rampage  .   A - +1 pair of gloves
Will    .....                   (boots unavailable)
Stlth   +++.......              (no amulet)
HPRegen 0.22/turn               p - ring of wizardry
MPRegen 0.00/turn               (no ring)

@: gold aura, flying
A: sickness immunity, fire resistance 2, cold vulnerability 1, float, innate
caster, HP casting, extra vitality 1
a: Renounce Religion, Evoke Invisibility, Potion Petition, Call Merchant, Bribe
Branch


You were in a bailey.
You worshipped Gozag.
Gozag was most pleased with you.
You visited 1 branch of the dungeon, and saw 8 of its levels.
You also visited: Sewer and Bailey.

You collected 1758 gold pieces.

Inventory:

Hand Weapons
 a - the +9 dagger of Popular Demand (weapon) {speed, rElec Will- Int+3 SInv}
   (You found it on level 2 of the Dungeon)

   Attacks with this weapon are significantly faster.
   Int:       It affects your intelligence (+3).
   rElec:     It insulates you from electricity.
   SInv:      It lets you see invisible.
   Will:      It decreases your willpower.
 b - a +5 shortbow
 g - a +1 dagger of protection
 i - a +0 spear
 n - a +3 hand axe of holy wrath
 q - a +0 falchion of protection
 r - a +0 dagger of venom
 t - a +0 quick blade
 v - a +1 short sword of protection
 x - a +3 dagger
 D - a +0 short sword
 M - a +0 war axe
Missiles
 l - 32 poisoned darts (quivered)
 u - 10 atropa-tipped darts
 w - a throwing net
 J - 5 boomerangs of dispersal
 L - 5 boomerangs
 N - 6 curare-tipped darts
Armour
 h - a +0 chain mail
 j - a +0 ring mail
 o - a scarf of invisibility (worn)
 y - a +0 leather armour (worn)
 A - a +1 pair of gloves (worn)
Jewellery
 p - a ring of wizardry (left hand)
Wands
 B - a wand of paralysis (11)
Scrolls
 e - 3 scrolls of poison
 f - 2 scrolls of enchant armour
 E - a scroll of immolation
 F - 2 scrolls of teleportation
 G - 2 scrolls of fog
Potions
 c - a potion of ambrosia
 k - a potion of resistance
 m - 5 potions of curing
 s - a potion of mutation
 z - 2 potions of lignification
 C - a potion of haste {unknown}
 H - 3 potions of invisibility
 I - 3 potions of brilliance {unknown}
 K - a potion of cancellation {unknown}


   Skills:
 + Level 5.8 Fighting
 * Level 7.4(7.8) Short Blades
 - Level 3.3(5.8) Long Blades
 + Level 5.3 Ranged Weapons
 + Level 1.3 Throwing
 + Level 3.7 Armour
 + Level 5.1 Dodging
 * Level 5.8 Stealth


You couldn't memorise any spells.
You knew the following spells:

 Your Spells              Type           Power      Damage    Failure   Level
a - Magic Dart            Conj           0%         1d3       14%         1
b - Call Imp              Summ           0%         N/A       21%         2
c - Gell's Gravitas       Tloc           0%         N/A       38%         3
d - Summon Lightning Spi  Summ/Air       0%         N/A       77%         4
Your spell library was empty.

Dungeon Overview and Level Annotations

Branches:
Dungeon (8/15) Zot: 26727  Temple (0/1) D:4           Sewer (visited)
 Bailey (1/1) Zot: 5798
   Lair: D:8-11

Altars:
Cheibriados
Dithmenos
Gozag
Makhleb
Ru


Innate Abilities, Weirdness & Mutations

You are immune to sickness and miasma.
You are immune to poison.
Your flesh is very heat resistant. (rF++)
You are vulnerable to cold. (rC-)
You float through the air rather than walking.
You learn spells naturally, not from books.
Your magical power is your life essence.
You have superior vitality. (+4 MHP)


Message History

The orc warrior is heavily wounded.
The orc warrior closely misses you. The orc warrior barely misses you.
You puncture the orc warrior!
The orc warrior is severely wounded.
You closely miss the orc warrior.
The orc warrior is severely wounded.
You closely miss the orc warrior.
The orc warrior is severely wounded.
The orc warrior closely misses you. The orc warrior barely misses you.
You closely miss the orc warrior. Your punch misses the orc warrior.
The orc warrior is severely wounded.
You miss the orc warrior.
The orc warrior is severely wounded.
The orc warrior hits you with a +0 war axe!!
The kobold brigand throws a curare-tipped dart.
The curare-tipped dart hits you.
The kobold brigand is distracted by your dazzling golden aura.
The orc warrior closely misses you.
The orc warrior attacks as you move away!
The orc warrior hits you with a +0 war axe!
The orc warrior attacks as you move away!
The orc warrior hits you with a +0 war axe!!
* * * LOW HITPOINT WARNING * * *
The kobold brigand shouts!
The orc warrior attacks as you move away!
The orc warrior barely misses you.
The orc warrior throws a datura-tipped dart.
The datura-tipped dart hits you!
You are unaffected.
There is an open gate here.
You feel much better.
The kobold brigand is no longer distracted by gold.
The orc warrior throws a datura-tipped dart.
The datura-tipped dart closely misses you.
The orc warrior hits you with a +0 war axe!
* * * LOW HITPOINT WARNING * * *
The orc warrior misses you.
The orc warrior attacks as you move away!
The orc warrior hits you with a +0 war axe!
You die...
Your body crumbles into a pile of gold.

..... ... ###$###
##.$K..## #...8...#
#∩.oo..∩# ##..Ko.##
####''o####
##~.....@.~##
#####~~.......~~#####
#....~~.......~~....#
#.###~~.......~~###.#
#....~~.......~~....#
#.###~~.......~~###.#
#....~~.......~~....#
#.###~~.......~~###.#
#....~~.......~~....#


You could see 4 orc warriors and 2 kobold brigands.

Vanquished Creatures
  Pikel (D:6)
  A kobold demonologist (D:8)
  6 yaks
  A steam dragon (D:7)
  Pargi (Sewer)
  3 ice beasts
  2 orc warriors
  A sky beast (D:7)
  2 centaurs
  An ogre (D:6)
  4 lemures (D:5)
  7 kobold brigands
  3 scorpions
  A bullfrog (D:6)
  A necrophage (D:7)
  2 howler monkeys (D:7)
  3 hounds
  2 jellies
  4 orc priests
  4 iguanas
  An orc wizard (D:8)
  4 gnolls
  10 adders
  A river rat (D:5)
  2 ufetubi
  3 worms
  3 dart slugs
  16 orcs
  7 endoplasms
  4 giant cockroaches
  7 hobgoblins
  7 jackals (D:4)
  4 quokkas
  7 ball pythons
  3 bats
  5 frilled lizards
  8 goblins
  21 kobolds
  5 rats
168 creatures vanquished.

Notes
Turn   | Place    | Note
-------+----------+-------------------------------------------
     0 | D:1      | mortz the Djinni Monk began the quest for the Orb.
     0 | D:1      | Reached XP level 1. HP: 20/20 MP: 0/0
   512 | D:1      | Reached XP level 2. HP: 25/25 MP: 0/0
   625 | D:1      | Found a faded altar of an unknown god.
   904 | D:1      | Reached XP level 3. HP: 30/30 MP: 0/0
   904 | D:1      | Learned a level 1 spell: Magic Dart
  1332 | D:2      | Found a burning altar of Makhleb.
  1416 | D:2      | Identified the +9 dagger of Popular Demand {speed, rElec
                  | Will- Int+3 SInv}
  1432 | D:2      | Reached XP level 4. HP: 35/35 MP: 0/0
  1578 | D:2      | Reached skill level 1 in Armour
  1932 | D:3      | Reached skill level 1 in Short Blades
  1955 | D:3      | Reached XP level 5. HP: 41/41 MP: 0/0
  1955 | D:3      | Learned a level 2 spell: Call Imp
  2303 | D:3      | Found an opulent altar of Gozag.
  2311 | D:3      | Became a worshipper of Gozag Ym Sagoz the Greedy
  2693 | D:4      | Reached skill level 2 in Short Blades
  2693 | D:4      | Reached XP level 6. HP: 44/47 MP: 0/0
  3026 | D:4      | Found a staircase to the Ecumenical Temple.
  3366 | D:4      | Reached skill level 3 in Short Blades
  3675 | D:5      | Entered Level 5 of the Dungeon
  3838 | D:5      | Found a glowing drain.
  3842 | Sewer    | Entered a sewer
  3948 | Sewer    | Noticed Pargi
  3958 | Sewer    | Killed Pargi
  3959 | Sewer    | Reached XP level 7. HP: 29/52 MP: 0/0
  3959 | Sewer    | Learned a level 3 spell: Gell's Gravitas
  4133 | D:5      | Reached skill level 4 in Short Blades
  4388 | D:5      | Found a snail-covered altar of Cheibriados.
  4723 | D:5      | Reached XP level 8. HP: 58/58 MP: 0/0
  4924 | D:6      | Noticed Pikel
  5154 | D:6      | Reached skill level 5 in Short Blades
  5753 | D:6      | Reached skill level 1 in Ranged Weapons
  6400 | D:6      | Killed Pikel
  6401 | D:6      | Reached XP level 9. HP: 30/64 MP: 0/0
  6401 | D:6      | Learned a level 4 spell: Summon Lightning Spire
  6814 | D:7      | Reached skill level 6 in Short Blades
  6836 | D:7      | Reached skill level 5 in Fighting
  6912 | D:7      | Reached skill level 5 in Stealth
  7277 | D:6      | Reached skill level 1 in Throwing
  7277 | D:6      | Reached XP level 10. HP: 50/70 MP: 0/0
  7282 | D:6      | Reached skill level 7 in Short Blades
  7866 | D:7      | Found a sacrificial altar of Ru.
  8036 | D:8      | Found a shadowy altar of Dithmenos.
  8054 | D:7      | Reached skill level 5 in Dodging
  8146 | D:8      | Noticed a kobold demonologist
  8146 | D:8      | Noticed a kobold demonologist
  8165 | D:8      | Noticed a smoke demon
  8168 | D:8      | Killed a kobold demonologist
  8273 | D:8      | Found a flagged portal.
  8308 | Bailey   | Entered a bailey
  8326 | Bailey   | Reached skill level 5 in Ranged Weapons
  8507 | Bailey   | HP: 1/72 [orc warrior/+0 war axe (21)]
  8512 | Bailey   | Mangled by an orc warrior

Illustrated notes

Levels and vault maps discovered:
D:1:      dpeg_arrival_chambers_temple_mockup, layout_rooms,
          shapermc_ecumenical_altar_mp_vishouse, minmay_misc_feat_more_columns
D:2:      layout_basic, basic_altar, minmay_pentomino_r2
D:3:      layout_loops_ring, nicolae_gozag_cash_rules_everything_around_me,
          minmay_misc_feat_alley, serial_bayou_crossing
D:4:      layout_basic, minmay_temple_entry_ruins, kennysheep_diamond
D:5:      layout_cave_pods, mainiacjoe_overflow_concentric_impassable,
          gup_sewer_entry_bowl
D:6:      layout_gridville, uniq_pikel
D:7:      layout_cave_pools, mainiacjoe_overflow_catwalk, palyth_stone_intersect
D:8:      layout_loops_ring, mainiacjoe_overflow_tiny_flanked, enter_bailey_2,
          uniq_psyche
Bailey:   bailey_axe_3, bailey

Skill      XL: |  1  2  3  4  5  6  7  8  9 10 |
---------------+-------------------------------+-----
Long Blades    | 3 |  3.3
Armour         | 1 2 3 |  3.7
Short Blades   | 1 2 3 4 5 6 7 |  7.4
Stealth        | 2 3 4 5 |  5.8
Fighting       | 4 5 |  5.8
Dodging        | 4 5 |  5.1
Ranged Weapons | 2 4 5 |  5.3
Throwing       | 1 |  1.3

Action                   |  1- 3 |  4- 6 |  7- 9 | 10-12 || total
-------------------------+-------+-------+-------+-------++-------
Melee: Falchion          |    73 |       |       |       ||    73
       Dagger            |     2 |   180 |   157 |    46 ||   385
       Punch             |       |     3 |     1 |     1 ||     5
 Fire: Shortbow          |       |       |    71 |    76 ||   147
Throw: Stone             |     4 |       |       |       ||     4
       Dart              |       |       |     9 |     3 ||    12
  Use: Scroll            |     2 |    12 |     7 |     2 ||    23
       Potion            |       |       |     1 |     1 ||     2
 Stab: Sleeping          |     1 |     5 |     2 |     1 ||     9
       Distracted        |       |     3 |       |       ||     3
Armor: Robe              |     3 |       |       |       ||     3
       Ring mail         |    21 |    17 |       |       ||    38
       Leather armour    |       |     8 |    22 |     6 ||    36
Dodge: Dodged            |    53 |    56 |    56 |    31 ||   196
